 Dungeon Crawl Stone Soup version 0.22.1-6-g1668fe2 (webtiles) character file.

4293 Fang the Cleaver (level 10, -9/64 HPs)
             Began as a Gargoyle Berserker on Feb 5, 2019.
             Was an Elder of Trog.
             Mangled by a death yak (18 damage)
             ... on level 8 of the Dungeon on Feb 6, 2019.
             The game lasted 00:13:27 (7914 turns).

Fang the Cleaver (Gargoyle Berserker)               Turns: 7914, Time: 00:13:28

Health: -9/64      AC: 16    Str: 24    XL:     10   Next: 32%
Magic:  10/10      EV: 11    Int:  8    God:    Trog [****..]
Gold:   251        SH:  0    Dex:  9    Spells: 9/9 levels left

rFire    . . .     SeeInvis .   a - +0 hand axe
rCold    . . .     Gourm    +   (no shield)
rNeg     + . .     Faith    .   p - +0 scale mail
rPois    ∞         Spirit   .   f - +0 helmet
rElec    +         Reflect  .   (no cloak)
rCorr    .         Harm     .   (no gloves)
MR       .....                  (no boots)
Stlth    ..........             g - amulet of the gourmand
HPRegen  0.20/turn              (no ring)
MPRegen  0.12/turn              (no ring)

@: berserk cooldown, slowed, very slow
A: negative energy resistance 1, electricity resistance, unbreathing,
petrification resistance, rot immunity, AC +7
a: Berserk, Trog's Hand, Brothers in Arms, Renounce Religion


You were on level 8 of the Dungeon.
You worshipped Trog.
Trog was greatly pleased with you.
You were very full.

You visited 2 branches of the dungeon, and saw 9 of its levels.

You collected 251 gold pieces.

Inventory:

Hand Weapons
 a - a +0 hand axe (weapon)
Armour
 f - a +0 helmet (worn)
 p - a +0 scale mail (worn)
Jewellery
 g - an amulet of the gourmand (around neck)
 h - a cursed amulet of inaccuracy {unknown}
 A - an uncursed ring of fire {unknown}
Wands
 x - a wand of enslavement (19)
 y - a wand of paralysis (13)
Scrolls
 d - a scroll of fog {unknown}
 i - 2 scrolls of teleportation {unknown}
 j - 3 scrolls of magic mapping {unknown}
 k - 2 scrolls of blinking {unknown}
 l - 5 scrolls of remove curse {unknown}
 m - a scroll of enchant weapon {unknown}
 o - 5 scrolls of identify {unknown}
 r - 2 scrolls of fear {unknown}
 s - a scroll of amnesia {unknown}
 C - a scroll of enchant armour {unknown}
 D - a scroll of torment {unknown}
Potions
 b - a potion of haste
 e - a potion of cancellation {unknown}
 n - 3 potions of curing {unknown}
 q - a potion of invisibility {unknown}
 t - 2 potions of magic {unknown}
 u - a potion of berserk rage {unknown}
 v - 5 potions of heal wounds {unknown}
 w - a potion of flight {unknown}
 z - 2 potions of agility {unknown}
 B - a potion of lignification {unknown}
Comestibles
 c - 12 rations


   Skills:
 + Level 7.6 Fighting
 + Level 9.9 Axes
 + Level 7.5 Armour
 + Level 4.1 Dodging
 + Level 2.0 Stealth


You had 9 spell levels left.
You didn't know any spells.
Your spell library was empty.

Dungeon Overview and Level Annotations

Branches:
Dungeon (8/15)             Temple (1/1) D:4            Lair (0/6) D:8

Altars:
Ashenzari
Dithmenos
Elyvilon
Makhleb
Nemelex Xobeh
Sif Muna
Vehumet
Yredelemnul

Annotations:
D:8 2 runed doors, exclusion: orange crystal statue


Innate Abilities, Weirdness & Mutations

You are resistant to torment.
Your stone body is resilient. (AC +7)
You are immune to poison.
You resist negative energy. (rN+)
You are resistant to electric shocks. (rElec)
You can survive without breathing.
You are immune to petrification.
You are immune to rotting.


Message History

You hit something.
You are no longer berserk.
You are exhausted.
You feel yourself slow down. Something hits you but does no damage.
You completely miss something. Something hits you.
You closely miss something. Something hits you but does no damage.
Something hits you!
You miss something.
Something hits you but does no damage. x2
Something hits you.
You slash something!
Something hits you but does no damage. x2
You hit something. Trog accepts your kill.
Reactivating autopickup.
Your Stealth skill increases to level 2!
You feel a bit more experienced.
You hit the death yak but do no damage. The death yak completely misses you.
The death yak gores you!
* * * LOW HITPOINT WARNING * * *
You hit the death yak but do no damage. The death yak gores you!!
You die...

### ..# #.# #.# #@#
#Y# . ###.### ..
##########.....# ...
#..............#
....#.######.......#
...Y..# ##......#
....).# #......#
....#.#
####.##.######


You could see a death yak.

Vanquished Creatures
  An unseen horror (D:8)
  Pikel (D:4)
  An elephant (D:8)
  A hippogriff (D:7)
  Eustachio (D:6)
  A spriggan (D:7)
  A water moccasin (D:6)
  Duvessa (D:6)
  2 ice beasts
  A slave (D:4)
  A necrophage (D:7)
  A sky beast (D:7)
  2 phantoms
  An ogre (D:5)
  2 centaurs
  A crocodile (D:8)
  A big kobold (D:8)
  2 bullfrogs
  An elf skeleton (D:5)
  A scorpion (D:4)
  A wyvern zombie (D:7)
  Dowan (D:6)
  A water moccasin skeleton (D:7)
  A wyvern skeleton (D:8)
  A howler monkey (D:7)
  2 crimson imps
  A human zombie (D:5)
  A bullfrog skeleton (D:4)
  2 orc priests
  Crazy Yiuf (D:6)
  A centaur skeleton (D:7)
  A hound (D:8)
  2 human skeletons (D:5)
  An orc wizard (D:3)
  5 worker ants
  A killer bee zombie (D:6)
  2 hound zombies
  2 hound skeletons
  Robin (D:3)
  7 adders
  14 gnolls
  A river rat (D:5)
  A shadow imp (D:8)
  4 worms
  9 leopard geckos
  11 orcs
  5 giant cockroaches
  17 goblins
  7 hobgoblins
  2 quokkas
  3 ball pythons
  5 bats
  3 frilled lizards
  A jackal zombie (D:5)
  9 kobolds
  An orc skeleton (D:5)
  An orc zombie (D:5)
  A quokka skeleton (D:4)
  A quokka zombie (D:7)
  6 rats
161 creatures vanquished.

Vanquished Creatures (others)
  2 plants (D:8)
2 creatures vanquished.

Grand Total: 163 creatures vanquished

Notes
Turn   | Place    | Note
-------+----------+-------------------------------------------
     0 | D:1      | Fang the Gargoyle Berserker began the quest for the Orb.
     0 | D:1      | Reached XP level 1. HP: 14/14 MP: 1/1
   383 | D:1      | Reached XP level 2. HP: 20/20 MP: 2/2
   595 | D:1      | You fall through a shaft!
   700 | D:2      | Reached skill level 3 in Axes
   700 | D:2      | Reached XP level 3. HP: 8/24 MP: 3/3
  1572 | D:2      | Reached XP level 4. HP: 25/29 MP: 4/4
  1883 | D:3      | Found a white marble altar of Elyvilon.
  1913 | D:3      | Noticed Robin
  1924 | D:3      | Reached ** piety under Trog
  1929 | D:3      | Killed Robin
  2034 | D:3      | Reached skill level 1 in Stealth
  2034 | D:3      | Reached XP level 5. HP: 31/34 MP: 5/5
  2253 | D:3      | Reached skill level 4 in Axes
  2643 | D:3      | Found a burning altar of Makhleb.
  2643 | D:3      | Found a radiant altar of Vehumet.
  2660 | D:3      | Found a shadowy altar of Dithmenos.
  2676 | D:3      | Reached *** piety under Trog
  2676 | D:3      | Reached XP level 6. HP: 8/39 MP: 6/6
  3395 | D:4      | Reached skill level 5 in Fighting
  3395 | D:4      | Reached skill level 5 in Axes
  3457 | D:4      | Found a shattered altar of Ashenzari.
  3634 | D:4      | Noticed a slave
  3635 | D:4      | Noticed Pikel
  3635 | D:4      | Noticed a slave
  3636 | D:4      | Noticed a slave
  3636 | D:4      | Noticed a slave
  3650 | D:4      | Killed Pikel
  3650 | D:4      | Reached skill level 6 in Axes
  3650 | D:4      | Reached XP level 7. HP: 45/45 MP: 7/7
  3650 | D:4      | Reached XP level 8. HP: 51/51 MP: 8/8
  3747 | D:4      | Found a staircase to the Ecumenical Temple.
  3755 | Temple   | Entered the Ecumenical Temple
  3874 | D:5      | Entered Level 5 of the Dungeon
  4043 | D:5      | Found a deep blue altar of Sif Muna.
  4657 | D:5      | Reached skill level 7 in Axes
  5208 | D:5      | Reached skill level 5 in Armour
  5395 | D:5      | Reached **** piety under Trog
  5602 | D:6      | Noticed Eustachio
  5607 | D:6      | Noticed Duvessa
  5608 | D:6      | Noticed Dowan
  5620 | D:6      | Killed Dowan
  5623 | D:6      | Killed Duvessa
  5623 | D:6      | Reached skill level 8 in Axes
  5623 | D:6      | Reached XP level 9. HP: 56/56 MP: 9/9
  5625 | D:6      | Killed Eustachio
  5791 | D:6      | Found a runed door.
  6081 | D:6      | Found a basalt altar of Yredelemnul.
  6133 | D:6      | Noticed Crazy Yiuf
  6142 | D:6      | Killed Crazy Yiuf
  6632 | D:7      | Reached skill level 9 in Axes
  6790 | D:7      | Found a sparkling altar of Nemelex Xobeh.
  7170 | D:8      | Found the +10 large shield of Ignorance {rN+ Int-4}
  7190 | D:8      | Reached XP level 10. HP: 22/63 MP: 10/10
  7209 | D:8      | Found a runed door.
  7439 | D:8      | Noticed an elephant
  7471 | D:8      | Killed an elephant
  7812 | D:8      | Found a runed door.
  7814 | D:8      | Noticed an orange crystal statue
  7865 | D:8      | Found a staircase to the Lair.
  7874 | D:8      | Noticed a death yak
  7912 | D:8      | Killed an unseen horror
  7914 | D:8      | Mangled by a death yak

Skill      XL: |  1  2  3  4  5  6  7  8  9 10 |
---------------+-------------------------------+-----
Fighting       | 4 5 6 7 |  7.6
Axes           | 3 4 6 8 9 |  9.9
Dodging        | 2 3 4 |  4.1
Stealth        | 1 2 |  2.0
Armour         | 4 5 6 7 |  7.5

Action                   |  1- 3 |  4- 6 |  7- 9 | 10-12 || total
-------------------------+-------+-------+-------+-------++-------
Melee: Hand axe          |    80 |   229 |   475 |    91 ||   875
Invok: Berserk           |       |     4 |     3 |     2 ||     9
 Stab: Sleeping          |     1 |       |       |       ||     1
  Eat: Chunk             |    11 |    10 |    14 |     5 ||    40
Armor: Animal skin       |    18 |       |       |       ||    18
       Scale mail        |    10 |   145 |   246 |    71 ||   472
Dodge: Dodged            |    46 |   125 |   269 |    43 ||   483
